 Dungeon Crawl Stone Soup version 0.23.2-30-g0e89c35649 (webtiles) character file.

Game seed: 395599822273243995

68 Hatywr the Cudgeler (level 4, -4/39 HPs)
             Began as a Minotaur Fighter on June 24, 2019.
             Slain by a gnoll
             ... wielding a +0 spear
              (5 damage)
             ... on level 2 of the Dungeon.
             The game lasted 00:01:35 (925 turns).

Hatywr the Cudgeler (Minotaur Fighter)               Turns: 925, Time: 00:01:35

Health: -4/39      AC:  6    Str: 26    XL:     4   Next: 1%
Magic:  3/3        EV:  7    Int:  5    God:
Gold:   16         SH: 10    Dex: 10    Spells: 3/3 levels left

rFire    . . .     SeeInvis .   a - +0 flail
rCold    . . .     Gourm    .   c - +0 shield
rNeg     . . .     Faith    .   b - +0 scale mail
rPois    .         Spirit   .   (helmet restricted)
rElec    .         Reflect  .   (no cloak)
rCorr    .         Harm     .   (no gloves)
MR       .....                  (no boots)
Stlth    ..........             (no amulet)
HPRegen  0.13/turn              (no ring)
MPRegen  0.08/turn              (no ring)

@: mighty
A: retaliatory headbutt, horns 2
a: no special abilities


You were on level 2 of the Dungeon.
You were not hungry.

You visited 1 branch of the dungeon, and saw 2 of its levels.

You collected 16 gold pieces.

Inventory:

Hand Weapons
 a - a +0 flail (weapon)
Armour
 b - a +0 scale mail (worn)
 c - a +0 shield (worn)
Scrolls
 i - a scroll of fear {unknown}
 k - a scroll of identify {unknown}
Potions
 g - a potion of degeneration {unknown}
 h - a potion of flight {unknown}
Comestibles
 f - a ration
 j - a chunk of flesh


   Skills:
 - Level 3.6 Fighting
 + Level 5.2 Maces & Flails
 - Level 3.6 Armour
 - Level 3.6 Shields


You had 3 spell levels left.
You didn't know any spells.
Your spell library was empty.

Dungeon Overview and Level Annotations

Branches:
Dungeon (2/15)

Altars:


Innate Abilities, Weirdness & Mutations

You reflexively headbutt those who attack you in melee.
You have a pair of horns on your head.


Message History

You block the gnoll's attack. The gnoll hits you but does no damage.
You closely miss the gnoll. The gnoll hits you but does no damage.
You block the gnoll's attack. The gnoll hits you with a +0 spear.
* * * LOW HITPOINT WARNING * * *
You feel better. The gnoll hits you but does no damage.
The gnoll hits you with a +0 spear.
* * * LOW HITPOINT WARNING * * *
You closely miss the gnoll. You headbutt the gnoll!
The gnoll is almost dead.
The gnoll hits you but does no damage. You block the gnoll's attack.
You sock the gnoll!
You kill the gnoll!
You have reached level 4!
You feel agile. You block the gnoll's attack.
You barely miss the gnoll. The gnoll hits you with a +0 spear!
* * * LOW HITPOINT WARNING * * *
You barely miss the gnoll. Your headbutt misses the gnoll.
The gnoll hits you with a +0 spear.
You die...

#.######## #.#......######
##########.............#
..........#.####.####.#
...#####.#.# #.# #.# #.###
#.#.# #.# #.# ...# #.#.# #.#
#.# #.###g#.## #.# #.# #
#..)@....###.## #.#
#.###.######.##...###.# #
#..g..# #.#.#.#.##.#
###.########## #.....##.#.#
.............# #.#.###.##.#
.......<.###.####.##.#.###.#
###.####.###.##...###.####.#
#รท.........# #......#
#####.##.### #.######


You could see a gnoll.

Vanquished Creatures
  3 gnolls (D:2)
  An adder (D:1)
  2 dart slugs (D:1)
  2 ball pythons (D:1)
  2 goblins (D:1)
  5 hobgoblins (D:1)
  2 kobolds (D:1)
  4 bats
  3 frilled lizards (D:1)
  4 rats (D:1)
28 creatures vanquished.

Notes
Turn   | Place    | Note
-------+----------+-------------------------------------------
     0 | D:1      | Hatywr the Minotaur Fighter began the quest for the Orb.
     0 | D:1      | Reached XP level 1. HP: 19/19 MP: 0/0
    48 | D:1      | Reached skill level 3 in Maces & Flails
   164 | D:1      | Reached XP level 2. HP: 26/26 MP: 1/1
   195 | D:1      | Reached skill level 4 in Maces & Flails
   418 | D:1      | Reached XP level 3. HP: 31/31 MP: 2/2
   919 | D:2      | Reached skill level 5 in Maces & Flails
   923 | D:2      | Reached XP level 4. HP: 9/39 MP: 3/3
   924 | D:2      | HP: 1/39 [gnoll/+0 spear (8)]
   925 | D:2      | Slain by a gnoll

Skill      XL: |  1  2  3 |
---------------+----------+-----
Maces & Flails | 3 4 5 |  5.2
Fighting       | |  3.6
Armour         | |  3.6
Shields        | |  3.6

Action                   |  1- 3 |  4- 6 || total
-------------------------+-------+-------++-------
Melee: Flail             |    76 |     2 ||    78
       Headbutt          |    13 |       ||    13
  Use: Potion            |     3 |       ||     3
Armor: Scale mail        |    44 |       ||    44
Dodge: Dodged            |    18 |       ||    18
Block: Shield            |    39 |     1 ||    40
